 Dungeon Crawl Stone Soup version 0.31.0-11-ge490571c62 (webtiles) character file.

Game seed: 101673197917066984

5 javelincjr the Ruffian (level 1, 0/17 HPs)
             Began as a Djinni Shapeshifter on Feb 5, 2024.
             Constricted to death by a ball python (1 damage)
             ... on level 1 of the Dungeon.
             The game lasted 00:01:14 (275 turns).

javelincjr the Ruffian (Djinni Shapeshifter)         Turns: 275, Time: 00:01:14

Health: 0/17       AC:  2    Str: 13    XL:     1   Next: 88%
Gold:   15         EV:  9    Int: 11    God:
                   SH:  0    Dex: 12

rFire   + +          .
                       - Unarmed
rCold   x . .        (no shield)
rNeg    . . .        a - +0 animal skin
rPois   ∞            (helmet currently unavailable)
rElec   .            (cloak currently unavailable)
rCorr   .            (gloves currently unavailable)
SInv    .            (boots unavailable)
Will    .....        (no amulet)
Stlth   +            (no ring)
HPRegen 0.22/turn    (no ring)
MPRegen 0.00/turn

%: infuse magic (-1 HP)
@: beast-form, flying, constricted
A: beast (slay +1), flying, sickness immunity, fire resistance 2, cold
vulnerability 1, float, innate caster, HP casting, extra vitality 1
a: Begin Untransformation


You were on level 1 of the Dungeon.
You were a hulking beast.
You visited 1 branch of the dungeon, and saw 1 of its levels.

You collected 15 gold pieces.

Inventory:

Armour
 a - a +0 animal skin (worn)
 e - a +0 pair of gloves
Talismans
 c - a beast talisman
 d - a flux talisman
Scrolls
 f - 2 scrolls of identify {unknown}
Potions
 b - a potion of lignification
 g - a potion of invisibility {unknown}
 h - a potion of might {unknown}


   Skills:
 + Level 1.1 Fighting
 + Level 2.3 Dodging
 + Level 3.0 Unarmed Combat
 * Level 2.8 Shapeshifting You didn't know any spells. Your spell library was empty.

Dungeon Overview and Level Annotations

Branches:
Dungeon (1/15)

Altars:


Innate Abilities, Weirdness & Mutations

You are a hulking beast.
Your limbs bulge with bestial killing power. (Slay +1)
You are flying.
You are immune to sickness and miasma.
You are immune to poison.
Your flesh is very heat resistant. (rF++)
You are vulnerable to cold. (rC-)
You float through the air rather than walking.
You learn spells naturally, not from books.
Your magical power is your life essence.
You have superior vitality. (+4 MHP)


Message History

You hit the rat but do no damage. The rat barely misses you.
You hit the rat.
You kill the rat!
The rat bites you.
You hit the rat.
You kill the rat!
You completely miss the ball python.
The ball python bites you but does no damage.
The ball python grabs you. The ball python constricts you.
You closely miss the ball python. The ball python bites you. x2
The ball python constricts you.
You barely miss the ball python.
The ball python bites you but does no damage.
The ball python bites you. The ball python constricts you.
The ball python bites you. The ball python constricts you.
The ball python misses you. The goblin barely misses you.
You hit the ball python.
The ball python is moderately wounded.
The ball python completely misses you. The ball python bites you.
The ball python constricts you.
You are too injured to fight recklessly!
You are too injured to fight recklessly!
You are too injured to fight recklessly!
You hit the ball python.
The ball python is moderately wounded.
The goblin hits you with a +0 club. The ball python closely misses you.
The ball python constricts you. The ball python bites you.
* * * LOW HITPOINT WARNING * * *
You hit the ball python.
You kill the ball python!
The goblin hits you with a +0 club.
* * * LOW HITPOINT WARNING * * *
The ball python barely misses you. The ball python constricts you.
You hit the ball python.
The ball python is heavily wounded.
A hobgoblin comes into view.
The goblin closely misses you.
The ball python bites you but does no damage.
The ball python constricts you.
You die...

.##.##.###......
......................g.
#.####.####...........#.
..# #.....#............
>## #........##........
.# ##.....####........ .#
##....## #........
.#####.....# #........
###..).....#####hS......
#.####..###....g......
###.#####.###..........?
..........(.......####..
...........######### .
..##....####♣♣♣♣...♣♣♣
.######.###♣♣........♣♣##
.# ###...............♣###
.#
##♣......♣#'''#♣♣♣...)♣♣♣


You could see a hobgoblin (wandering), a goblin and a ball python.

Vanquished Creatures
  A ball python (D:1)
  2 quokkas (D:1)
  2 rats (D:1)
5 creatures vanquished.

Notes
Turn   | Place    | Note
-------+----------+-------------------------------------------
     0 | D:1      | javelincjr the Djinni Shapeshifter began the quest for the
                  | Orb.
     0 | D:1      | Reached XP level 1. HP: 17/17 MP: 0/0
   275 | D:1      | Constricted to death by a ball python

Illustrated notes

Levels and vault maps discovered:
D:1:      sevenhm_arrival_forest_fort_large_3, layout_rooms, serial_glass,
          glass_columns_b, glass_columns_a

Action                     || total
---------------------------++-------
  Melee: Unarmed           ||    17
 Armour: Animal skin       ||    17
  Dodge: Dodged            ||    10
